 Dungeon Crawl Stone Soup version 0.27-a0-1278-g6cbc8dfb29 (webtiles) character file.

Game seed: 1654492602045286923

47853 ZappyNine the Lord of Darkness (level 14, -1/75 HPs)
             Began as a Spriggan Venom Mage on June 12, 2021.
             Was the Champion of Kikubaaqudgha.
             Killed from afar by a fire dragon (36 damage)
             ... with a blast of flame
             ... on level 6 of the Lair of Beasts.
             The game lasted 00:55:46 (22066 turns).

ZappyNine the Lord of Darkness (SpVM)              Turns: 22066, Time: 00:55:47

Health: -1/75      AC: 13    Str: 13    XL:     14   Next: 10%
Magic:  13/39      EV: 22    Int: 28    God:    Kikubaaqudgha [******]
Gold:   3341       SH:  0    Dex: 18    Spells: 12/36 levels left

rFire    . . .     SeeInvis +   A - +5 long sword of Titza {drain, rPois Str+4 Int+3}
rCold    + . .     Faith    +   (shield restricted)
rNeg     + + .     Spirit   .   E - +0 acid dragon scales
rPois    +         Reflect  .   s - +1 hat of Fedhas's Generosity {rElec Str+2 Int+2 Dex+3}
rElec    +         Harm     .   b - +2 cloak
rCorr    +         Rampage  .   (gloves unavailable)
Will     ++...                  (boots unavailable)
Stlth    ++........             k - amulet of faith
HPRegen  0.22/turn              i - ring of magical power
MPRegen  0.26/turn              D - ring "Uxtiyrou" {rC+ rN++}

@: death channeling, very quick
A: very small, no large weapons, unfitting armour, see invisible, speed 3,
iridescent scales 1, clever 1, strong 1, MP-powered wands
a: Renounce Religion, Receive Corpses, Torment


You were on level 6 of the Lair of Beasts.
You worshipped Kikubaaqudgha.
Kikubaaqudgha was exalted by your worship.
You visited 3 branches of the dungeon, and saw 19 of its levels.

You collected 3341 gold pieces.

Inventory:

Hand Weapons
 w - the +11 war axe "Iboacsib" {vorpal, rN+ rCorr Int-2 Stlth+}
   (You found it on level 6 of the Dungeon)

   It inflicts extra damage upon your enemies.
   It affects your intelligence (-2).
   It protects you from negative energy.
   It protects you from acid and corrosion.
   It makes you more stealthy.
 A - the +5 long sword of Titza (weapon) {drain, rPois Str+4 Int+3}
   (You found it on level 6 of the Dungeon)

   A truly terrible weapon, it drains the life of those it strikes.
   It affects your strength (+4).
   It affects your intelligence (+3).
   It protects you from poison.
Missiles
 q - 4 throwing nets
Armour
 a - a +0 robe
 b - a +2 cloak (worn)
 m - a +0 troll leather armour {Purgy}
 s - the +1 hat of Fedhas's Generosity (worn) {rElec Str+2 Int+2 Dex+3}
   (You acquired it on level 11 of the Dungeon)

   It affects your strength (+2).
   It affects your intelligence (+2).
   It affects your dexterity (+3).
   It insulates you from electricity.
 E - +0 acid dragon scales (worn)
Jewellery
 i - a ring of magical power (left hand)
 j - a ring of ice
 k - an amulet of faith (around neck)
 C - a ring of protection from cold
 D - the ring "Uxtiyrou" (right hand) {rC+ rN++}
   (You found it on level 10 of the Dungeon)

   [ring of protection from cold]

   It protects you from cold.
   It greatly protects you from negative energy.
 G - a +6 ring of dexterity
 M - a ring of fire
 O - a ring of willpower
 P - a +6 ring of strength
Wands
 n - a wand of acid (30)
 p - a wand of paralysis (16)
 y - a wand of charming (15)
 H - a wand of flame (43)
 K - a wand of polymorph (10)
Scrolls
 d - 4 scrolls of magic mapping
 e - 4 scrolls of identify
 g - 3 scrolls of amnesia
 r - 2 scrolls of fog
 u - 9 scrolls of teleportation
 x - 3 scrolls of immolation
 F - a scroll of blinking
 I - 3 scrolls of silence
 L - 2 scrolls of torment
 N - a scroll of enchant armour
Potions
 c - a potion of flight
 f - a potion of brilliance
 h - 2 potions of attraction
 l - 5 potions of curing
 o - 5 potions of lignification
 t - 3 potions of degeneration
 v - 2 potions of heal wounds
 z - a potion of ambrosia
 B - a potion of might
 J - a potion of invisibility
 Q - a potion of haste {unknown}


   Skills:
 - Level 9.0 Fighting
 - Level 4.6 Armour
 - Level 9.3 Dodging
 - Level 3.0 Stealth
 - Level 11.6 Spellcasting
 - Level 2.7 Conjurations
 * Level 13.2 Necromancy
 - Level 3.0 Transmutations
 - Level 2.6 Fire Magic
 - Level 2.8 Air Magic
 - Level 9.3 Poison Magic


You had 12 spell levels left.
You knew the following spells:

 Your Spells              Type           Power      Damage    Failure   Level
a - Animate Dead          Necr           37%        N/A       1%          4
b - Poisonous Vapours     Pois/Air       100%       N/A       1%          2
c - Mephitic Cloud        Conj/Pois/Air  44%        N/A       1%          3
d - Ignite Poison         Fire/Tmut/Pois 44%        N/A       1%          3
e - Olgreb's Toxic Radia  Pois           62%        N/A       1%          4
f - Death Channel         Necr           37%        N/A       3%          6
g - Sublimation of Blood  Necr           37%        N/A       1%          2

Your spell library contained the following spells:

 Spells                   Type           Power      Damage    Failure   Level
 Animate Skeleton         Necr           100%       N/A       1%          1
 Beastly Appendage        Tmut           66%        N/A       1%          1
 Magic Dart               Conj           100%       1d8       1%          1
 Pain                     Necr           100%       1d9       1%          1
 Sting                    Tmut/Pois      100%       1d8       1%          1
 Corpse Rot               Necr/Air       N/A        N/A       1%          2
 Wereblood                Tmut           33%        N/A       1%          2
 Spider Form              Tmut/Pois      25%        N/A       1%          3
 Vampiric Draining        Necr           37%        2d11      1%          3
 Dispel Undead            Necr           74%        3d25      1%          4
 Agony                    Necr           74%        N/A       1%          5
 Excruciating Wounds      Necr           37%        N/A       1%          5
 Searing Ray              Conj           62%        3d5       2%          2
 Corona                   Hex            17%        N/A       4%          1
 Ensorcelled Hibernation  Hex/Ice        32%        N/A       7%          2
 Dazzling Flash           Conj/Hex       48%        N/A       9%          3
 Confusing Touch          Hex            16%        N/A       14%         3
 Gell's Gravitas          Tloc           8%         N/A       14%         3
 Tukima's Dance           Hex            16%        N/A       14%         3
 Fulminant Prism          Conj/Hex       12%        3d9       26%         4
 Ice Form                 Ice/Tmut       24%        N/A       26%         4
 Iskenderun's Mystic Bla  Conj/Tloc      24%        2d7       26%         4
 Petrify                  Tmut/Erth      24%        N/A       26%         4
 Cause Fear               Hex            8%         N/A       43%         4
 Simulacrum               Ice/Necr       26%        N/A       43%         6
 Yara's Violent Unravell  Hex/Tmut       12%        3d7       56%         5
 Silence                  Hex/Air        12%        N/A       58%         5
 Metabolic Englaciation   Hex/Ice        8%         N/A       78%         5
 Borgnjor's Revivificati  Necr           37%        N/A       80%         8
 Infestation              Necr           37%        N/A       80%         8
 Discord                  Hex            8%         N/A       100%        8
 Necromutation            Tmut/Necr      29%        N/A       100%        8
 Death's Door             Necr           37%        N/A       100%        9


Dungeon Overview and Level Annotations

Branches:
Dungeon (12/15)            Temple (1/1) D:5            Lair (6/6) D:11
  Swamp (0/4) Lair:3       Spider (0/4) Lair:2
  Slime: Lair:5-6       Orc: D:9-12

Altars:
Ashenzari
Cheibriados
Dithmenos
Elyvilon
Fedhas
Gozag
Hepliaklqana
Kikubaaqudgha
Makhleb
Nemelex Xobeh
Okawaru
Qazlal
Ru
Sif Muna
Trog
Uskayaw
Vehumet
Wu Jian
Xom
Yredelemnul
Zin
The Shining One

Shops:
D:3 :


Innate Abilities, Weirdness & Mutations

You are very small and have problems with some larger weapons.
You are too small for most types of armour.
You have supernaturally acute eyesight. (SInv)
You cover ground extremely quickly. (Speed+++)
You are partially covered in iridescent scales. (AC +2)
Your mind is acute. (Int +2)
Your muscles are strong. (Str +2)
You expend magic power (3 MP) to strengthen your wands.


Message History

The fire dragon tramples you but does no damage.
The swamp dragon is engulfed in blazing flames.
The fire dragon is engulfed in blazing flames.
Unknown command.
Unknown command.
The swamp drake breathes poison at you.
Things that are here:
+0 acid dragon scales; an acid dragon skeleton The swamp dragon breathes poison at you.
The blast of poison misses you.
You enter the shallow water.
Moving in this stuff is going to be slow.
You see here +0 steam dragon scales.
You enter the shallow water.
Moving in this stuff is going to be slow.
The swamp dragon breathes poison at you.
The blast of poison engulfs you but does no damage.
You resist. Why would you want to do that?
The fire dragon breathes flames at you. The blast of flame hits you!!
* * * LOW HITPOINT WARNING * * *
The swamp dragon breathes poison at you.
The blast of poison misses you.
You enter the shallow water.
Moving in this stuff is going to be slow.
Okay, then.
You feel much better.
You feel much better. The fire dragon breathes flames at you.
The blast of flame hits you!!
You enter the shallow water.
Moving in this stuff is going to be slow.
Kikubaaqudgha delivers you corpses! Kikubaaqudgha delivers you a corpse!
Kikubaaqudgha delivers you corpses! The fire dragon breathes flames at you.
The blast of flame hits you!!!
You die...
Kikubaaqudgha rasps: "You have failed me!
Welcome... death!"

♣♣.≈.P♣♣k°♣♣♣ ##### ####
♣≈≈)§♣♣♣°[°.♣
########.#.####.##
♣)≈..♣.≈♣≈≈♣♣
#..##P.....#.#....
♣♣≈..♣..♣♣D≈♣
#.................
..♣♣..♣♣♣..♣
#...............Z† ≈..♣...
♣.≈♣♣ #..............Z..
≈≈♣♣♣♣♣.♣♣♣D♣♣
#..............Z.Z ≈P
♣♣♣♣.≈.♣♣#†..............Z.
♣♣
###...≈≈.#@†..........Z..P.
#.......D††....###.##...##P
##.........#..## #########P
##.##.####.### #. ######
### ## # # . #.


You could see a fire dragon (catching breath).

Vanquished Creatures
  3 hydras
  2 boulder beetles
  A catoblepas (Lair:4)
  4 two-headed ogres
  A death yak (Lair:4)
  Pikel (D:5)
  A harpy (shapeshifter) (D:8)
  A manticore (D:9)
  A cyclops (D:12)
  18 elephants
  4 black mambas
  8 cane toads
  5 komodo dragons
  4 rime drakes
  A polar bear (Lair:3)
  2 trolls
  7 blink frogs
  A hornet (D:9)
  Grinder (D:3)
  7 dream sheep (Lair:4)
  A wraith (D:10)
  2 water elementals (D:12)
  10 wyverns
  51 yaks
  4 basilisks (Lair:5)
  5 vampire mosquitoes
  2 steam dragons (D:8)
  Menkaure (D:5)
  11 water moccasins
  2 acid dragons
  Purgy (D:3)
  3 orc warriors
  A sky beast (D:5)
  2 black bears
  4 necrophages
  2 ogres (D:6)
  7 wolves
  4 centaurs
  2 kobold brigands
  13 bullfrogs
  2 gnoll sergeants (D:6)
  2 scorpions
  A howler monkey (D:4)
  4 electric eels
  3 wights (D:9)
  A bullfrog zombie (D:4)
  3 centaur zombies
  3 hounds
  2 jellies
  A bullfrog skeleton (D:6)
  A gnoll shaman (D:7)
  A centaur skeleton (D:4)
  6 orc priests
  3 iguanas
  2 scorpion zombies (D:4)
  6 orc wizards
  A hell rat (Lair:5)
  2 hound zombies
  3 howler monkey zombies
  5 adders
  25 gnolls
  2 white imps (D:5)
  An ufetubus (D:7)
  An adder zombie (D:4)
  A worm (D:4)
  6 dart slugs
  36 orcs
  2 endoplasms
  3 hobgoblins
  2 jackals (D:3)
  15 kobolds
  5 quokkas
  8 ball pythons
  5 bats
  A frilled lizard (D:1)
  8 goblins
  A jackal skeleton (D:2)
  5 rats
  A butterfly (Lair:5)
381 creatures vanquished.

Vanquished Creatures (collateral kills)
  3 hydras
  6 elephants
  A black mamba (Lair:6)
  3 cane toads
  A komodo dragon (Lair:6)
  3 rime drakes
  4 blink frogs
  A wyvern (Lair:5)
  9 yaks
  2 steam dragons (Lair:6)
  A basilisk (Lair:5)
  2 acid dragons (Lair:6)
  2 water moccasins (Lair:5)
  A swamp drake (Lair:6)
  5 wolves
44 creatures vanquished.

Vanquished Creatures (others)
  An iguana (Lair:6)
  A quokka (D:9)
  23 fungi
  61 plants
86 creatures vanquished.

Grand Total: 511 creatures vanquished

Notes
Turn   | Place    | Note
-------+----------+-------------------------------------------
     0 | D:1      | ZappyNine the Spriggan Venom Mage began the quest for the
                  | Orb.
     0 | D:1      | Reached XP level 1. HP: 9/9 MP: 5/5
   241 | D:1      | Reached XP level 2. HP: 14/14 MP: 3/6
   277 | D:1      | Learned a level 2 spell: Poisonous Vapours
   710 | D:1      | Reached skill level 1 in Fighting
   710 | D:1      | Reached XP level 3. HP: 18/18 MP: 4/8
   956 | D:1      | Found a faded altar of an unknown god.
  1533 | D:2      | Reached XP level 4. HP: 22/22 MP: 10/10
  1927 | D:2      | Learned a level 3 spell: Mephitic Cloud
  1931 | D:2      | Learned a level 3 spell: Ignite Poison
  2286 | D:3      | Found a sparkling altar of Nemelex Xobeh.
  2293 | D:3      | Noticed Purgy
  2452 | D:3      | Killed Purgy
  2453 | D:3      | Reached skill level 1 in Fire Magic
  2453 | D:3      | Reached skill level 1 in Air Magic
  2453 | D:3      | Reached XP level 5. HP: 25/25 MP: 6/11
  2605 | D:3      | Noticed Grinder
  2735 | D:3      | Paralysed by Grinder for 2 turns
  2819 | D:3      | Killed Grinder
  2820 | D:3      | Reached XP level 6. HP: 30/30 MP: 12/12
  2976 | D:3      | Found Xieppekh's Book Emporium.
  3432 | D:3      | Reached skill level 5 in Poison Magic
  3432 | D:3      | Reached XP level 7. HP: 31/33 MP: 12/13
  3837 | D:4      | Found a hide-covered altar of Uskayaw.
  3837 | D:4      | Noticed a +0 spear
  3837 | D:4      | Noticed a +0 short sword
  3838 | D:4      | Noticed a +0 short sword
  3838 | D:4      | Noticed a +0 dagger
  3839 | D:4      | Noticed a +0 spear
  3840 | D:4      | Noticed a +0 falchion
  3840 | D:4      | Noticed a +0 dagger
  3841 | D:4      | Noticed a +0 falchion
  4144 | D:4      | Learned a level 4 spell: Olgreb's Toxic Radiance
  4234 | D:4      | Reached skill level 1 in Armour
  4727 | D:4      | Found a basalt altar of Yredelemnul.
  5196 | D:5      | Entered Level 5 of the Dungeon
  5299 | D:5      | Reached XP level 8. HP: 37/37 MP: 11/16
  5343 | D:5      | Reached skill level 5 in Spellcasting
  5505 | D:5      | Noticed Menkaure
  5511 | D:5      | Killed Menkaure
  5727 | D:5      | Noticed Pikel
  5732 | D:5      | Killed Pikel
  5733 | D:5      | Reached skill level 1 in Conjurations
  5884 | D:5      | Found a staircase to the Ecumenical Temple.
  6022 | Temple   | Entered the Ecumenical Temple
  6391 | D:5      | Reached XP level 9. HP: 41/41 MP: 19/19
  6608 | D:6      | Identified the +11 war axe "Iboacsib" {vorpal, rN+ rCorr
                  | Int-2 Stlth+}
  7706 | D:6      | Identified the +5 long sword of Titza {drain, rPois Str+4
                  | Int+3}
  8061 | D:7      | Noticed a boulder beetle
  8066 | D:7      | Killed a boulder beetle
  8297 | D:7      | Reached XP level 10. HP: 49/49 MP: 20/23
  8669 | D:8      | Noticed a boulder beetle
  8677 | D:8      | Killed a boulder beetle
  9169 | D:8      | Noticed a harpy
  9185 | D:8      | Killed a harpy
  9649 | D:7      | Gained mutation: Your mind is acute. (Int +2) [potion of
                  | mutation]
  9649 | D:7      | Gained mutation: Your muscles are strong. (Str +2) [potion
                  | of mutation]
  9649 | D:7      | Gained mutation: You are partially covered in iridescent
                  | scales. (AC +2) [potion of mutation]
  9649 | D:7      | Gained mutation: You expend magic power (3 MP) to
                  | strengthen your wands. [potion of mutation]
  9662 | D:8      | Noticed a two-headed ogre
  9679 | D:8      | Killed a two-headed ogre
 10060 | D:9      | Reached skill level 5 in Dodging
 10200 | D:9      | Reached skill level 5 in Fighting
 10200 | D:9      | Reached skill level 10 in Spellcasting
 10309 | D:9      | Found a white marble altar of Elyvilon.
 10328 | D:9      | Noticed a manticore
 10339 | D:9      | Killed a manticore
 10433 | D:9      | Reached XP level 11. HP: 56/56 MP: 26/26
 10443 | D:9      | Noticed an eight-headed hydra
 10462 | D:9      | Killed an eight-headed hydra
 10920 | D:9      | Found an ancient bone altar of Kikubaaqudgha.
 11018 | D:9      | Became a worshipper of Kikubaaqudgha
 11065 | D:10     | Entered Level 10 of the Dungeon
 11222 | D:10     | Found a glowing golden altar of the Shining One.
 11357 | D:10     | Identified the ring "Uxtiyrou" {rC+ rN++}
 11393 | D:10     | Noticed a two-headed ogre
 11399 | D:10     | Killed a two-headed ogre
 11817 | D:10     | Noticed a two-headed ogre
 11825 | D:10     | Killed a two-headed ogre
 11825 | D:10     | Reached * piety under Kikubaaqudgha
 11825 | D:10     | Identified Kikubaaqudgha's Almanac of Evil Rites
                  | (Kikubaaqudgha gifted it to you on level 10 of the Dungeon)
 11825 | D:10     | Received a gift from Kikubaaqudgha
 12913 | D:11     | Reached skill level 1 in Necromancy
 13007 | D:11     | Found a staircase to the Lair.
 13164 | D:11     | Identified a scroll of acquirement
 13166 | D:11     | Acquired the +1 hat of Fedhas's Generosity {rElec Str+2
                  | Int+2 Dex+3}
 13711 | D:12     | Noticed a four-headed hydra
 13723 | D:12     | Killed a four-headed hydra
 13731 | D:12     | Reached skill level 2 in Necromancy
 13960 | D:12     | Identified the +0 pair of boots "Wynuw" {-Tele Rampage
                  | Will+ rCorr Str+4}
 14063 | D:12     | Reached ** piety under Kikubaaqudgha
 14121 | D:12     | Noticed a two-headed ogre
 14134 | D:12     | Killed a two-headed ogre
 14363 | Lair:1   | Entered Level 1 of the Lair of Beasts
 14462 | Lair:1   | Reached skill level 3 in Necromancy
 14847 | Lair:1   | Reached XP level 12. HP: 63/63 MP: 27/28
 15017 | Lair:2   | Reached skill level 4 in Necromancy
 15710 | Lair:2   | Reached skill level 5 in Necromancy
 16002 | Lair:2   | Found a hole to the Spider Nest.
 16046 | Lair:2   | Reached *** piety under Kikubaaqudgha
 16046 | Lair:2   | Identified Kikubaaqudgha's Volume of Black Rituals
                  | (Kikubaaqudgha gifted it to you on level 2 of the Lair of
                  | Beasts)
 16046 | Lair:2   | Received a gift from Kikubaaqudgha
 16051 | Lair:2   | Reached skill level 6 in Necromancy
 16393 | Lair:2   | Learned a level 4 spell: Animate Dead
 16393 | Lair:2   | Acquired 1037 gold pieces
 16395 | Lair:2   | Acquired 1329 gold pieces
 16404 | Lair:2   | Learned a level 6 spell: Death Channel
 17020 | Lair:3   | Reached skill level 7 in Necromancy
 17272 | Lair:3   | Identified the +7 dire flail "Goblinslayer" {drain,
                  | *Corrode *Slow rC+ Int+5}
 17477 | Lair:3   | Found a staircase to the Swamp.
 17786 | Lair:3   | Reached **** piety under Kikubaaqudgha
 17787 | Lair:3   | Reached skill level 8 in Necromancy
 17792 | Lair:3   | Reached XP level 13. HP: 70/70 MP: 12/29
 18205 | Lair:4   | Reached skill level 9 in Necromancy
 18603 | Lair:4   | Reached ***** piety under Kikubaaqudgha
 18604 | Lair:4   | Reached skill level 10 in Necromancy
 18741 | Lair:4   | Learned a level 2 spell: Sublimation of Blood
 19596 | Lair:5   | Reached skill level 11 in Necromancy
 20407 | Lair:5   | Reached skill level 12 in Necromancy
 20559 | Lair:5   | Reached ****** piety under Kikubaaqudgha
 21563 | Lair:5   | Received a gift from Kikubaaqudgha
 21605 | Lair:6   | Entered Level 6 of the Lair of Beasts
 21616 | Lair:6   | Reached XP level 14. HP: 58/75 MP: 16/30
 21624 | Lair:6   | Reached skill level 13 in Necromancy
 22066 | Lair:6   | Killed from afar by a fire dragon

Illustrated notes

Levels and vault maps discovered:
D:1:      scummos_arrival_hexagon, layout_basic,
          dilly_ecumenical_altar_fadedgnrine, minmay_close_crescents
D:2:      layout_basic
D:3:      layout_loops_ring, lemuel_crystal_altar, serial_shops,
          nicolae_shop_trees, uniq_grinder, uniq_purgy
D:4:      layout_basic, nicolae_yredelemnul_corpse_copse,
          nicolae_uskayaw_en_pointe, chequers_jeans
D:5:      layout_gridville, minmay_temple_entry_trees, grunt_decor_cap,
          uniq_pikel, uniq_menkaure
D:6:      layout_basic, serial_park_tiny_pond, nicolae_sextant,
          grunt_decor_resistance
D:7:      layout_basic, amethyst_killhole, hex_intersection
D:8:      layout_loops_ring, roderic_serpentine_path
D:9:      layout_small_grid, kennysheep_mini_moat, elyvilon_altar_4,
          statue_in_the_mist_lemuel
D:10:     layout_layer_cave, lemuel_crystal_altar
D:11:     layout_roguey, lair_entry_dummy, corner_web_ring, water_boxes_lemuel
D:12:     layout_basic, minmay_orc_entry_temple_small
Temple:   eino_temple_rhombus
Lair:1:   layout_hall_layers, minmay_stone_trees_small,
          chequers_serial_rivers_micro_a
Lair:2:   layout_loops_ring, spider_nest_entry_web_field,
          small_statue_intersection, grunt_megastairs_5
Lair:3:   layout_regular_city, minmay_swamp_entry_swarm,
          chequers_serial_rivers_small_b, lemuel_fruit_tree,
          serial_bayou_shore_a
Lair:4:   layout_gridlike, minivault_19, nicolae_lair_yak_garden,
          grunt_megastairs_4
Lair:5:   layout_cave_pods, special_room [special_room_mythical_zoo],
          lemuel_fruit_fields, grunt_megastairs_3, lemuel_fruit_fields
Lair:6:   guppyfry_lair_end_dragon, layout_big_grid, slime_altar_1,
          gammafunk_ghost_berserking_beasts, serial_bayou_shore_b

Skill      XL: |  1  2  3  4  5  6  7  8  9 10 11 12 13 14 |
---------------+-------------------------------------------+-----
Spellcasting   | 3 4 6 8 10 11 | 11.6
Transmutations | 2 3 |  3.0
Fighting       | 1 3 5 7 9 |  9.0
Fire Magic     | 1 2 |  2.6
Air Magic      | 1 2 |  2.8
Poison Magic   | 4 5 7 9 |  9.3
Armour         | 2 3 4 |  4.6
Conjurations   | 2 |  2.7
Dodging        | 6 9 |  9.3
Necromancy     | 3 8 12 13 | 13.2
Stealth        | |  3.0

Action                   |  1- 3 |  4- 6 |  7- 9 | 10-12 | 13-15 || total
-------------------------+-------+-------+-------+-------+-------++-------
Melee: Club              |    24 |    30 |    13 |       |       ||    67
       Whip              |       |       |    67 |       |       ||    67
       War axe           |       |       |    11 |       |       ||    11
       Long sword        |       |       |     2 |   136 |    65 ||   203
 Cast: Sting             |    16 |     4 |     5 |     1 |       ||    26
       Poisonous Vapours |    30 |    48 |    49 |    63 |     2 ||   192
       Mephitic Cloud    |       |     7 |    20 |    59 |    21 ||   107
       Ignite Poison     |       |     5 |    28 |    57 |    25 ||   115
       Olgreb's Toxic Ra |       |       |    17 |    55 |    36 ||   108
       Death Channel     |       |       |       |     1 |    16 ||    17
       Animate Dead      |       |       |       |       |    13 ||    13
       Sublimation of Bl |       |       |       |       |     2 ||     2
Invok: Receive Necronomi |       |       |       |       |     1 ||     1
       Receive Corpses   |       |       |       |       |     3 ||     3
  Use: Scroll            |       |       |       |    29 |     2 ||    31
       Potion            |       |       |       |     7 |     4 ||    11
 Stab: Sleeping          |       |       |     1 |       |       ||     1
       Distracted        |       |       |       |       |     2 ||     2
Armor: Robe              |       |     4 |     2 |       |       ||     6
       Troll leather arm |       |       |    21 |    26 |       ||    47
       Acid dragon scale |       |       |       |    38 |    36 ||    74
Dodge: Dodged            |    30 |    35 |   107 |   242 |   158 ||   572
       Rpst.: Long sword |       |       |       |    57 |    47 ||   104

Table legend: (Time is in decaauts)
 A = Elapsed time spent in this place.
 B = Non-inter-level travel time spent in this place.
 C = Inter-level travel time spent in this place.
 D = Time resting spent in this place.
 E = Time spent auto-exploring this place.
 F = Levels seen in this place.
 G = Mean time per level.
                   A        B        C        D        E       F      G
               +--------+--------+--------+--------+--------+-----+--------+
         Total |  17466 |  17070 |    396 |   5399 |   9109 |  19 |  919.3 |
       Dungeon |  11113 |  10811 |    302 |   3172 |   6132 |  12 |  926.1 |
        Temple |    132 |    122 |     10 |      0 |    122 |   1 |  132.0 |
          Lair |   6220 |   6137 |     83 |   2227 |   2855 |   6 | 1036.7 |
               +--------+--------+--------+--------+--------+-----+--------+

Top non-repeatable levels by time:
  Lair:5: 1616 daAuts
  Lair:2: 1515 daAuts
     D:4: 1171 daAuts
     D:1: 1164 daAuts
  Lair:4: 1150 daAuts
     D:3: 1104 daAuts
  Lair:3: 1056 daAuts
     D:7: 1043 daAuts
    D:10: 1036 daAuts
     D:2: 901 daAuts
     D:5: 894 daAuts
    D:11: 882 daAuts
     D:6: 874 daAuts
     D:8: 799 daAuts
     D:9: 744 daAuts
